Capitals vs Flames
Created - January 18, 2019 at 22:54
Goals
|
| Capitals |
2 |
0 |
1 |
3 |
| Flames |
2 |
1 |
2 |
5 |
|
Shots
|
| Capitals |
7 |
13 |
10 |
30 |
| Flames |
12 |
5 |
18 |
35 |
|
1st period
1. Flames , Derek Meech 3 (Peter Prucha 7, Patrik Berglund 18) at 1:30
2. Flames , Eric Staal 23 (Tom Poti 7, David Backes 34) at 5:34
3. Capitals , Wayne Simmonds 16 (Ryan Getzlaf 20) at 12:04
4. Capitals , T.J. Oshie 8 (Mikko Koivu 21, Dan Girardi 3) at 16:05
Penalties :
Colin Wilson (Cal) for Hooking (Minor) at 1:52, Ryan Getzlaf (Was) for Hooking (Minor) at 18:13
2nd period
5. Flames , Erik Johnson 4 (Eric Staal 30) at 11:39
Penalties :
Brad Marchand (Cal) for Interference (Minor) at 5:05, Joe Thornton (Was) for Hooking (Minor) at 16:36
3rd period
6. Flames , Alexander Semin 15 (David Backes 35, Eric Staal 31) at 9:09 (PP)
7. Capitals , Joe Thornton 23 (Jamie Benn 11, Brent Burns 22) at 9:17
8. Flames , Jordin Tootoo 6 (Steve Regier 7, Colin Wilson 6) at 17:21
Penalties :
Matt Carle (Was) for High sticking (Minor) at 8:55, Joe Thornton (Was) for Tripping (Minor) at 9:41, Patrik Berglund (Cal) for Hooking (Minor) at 18:58
Goalie Stats
Tuukka Rask (Was), 30 saves from 35 shots - (0.857), L, 21-12-1, 60:00 minutes
Jonas Gustavsson (Cal), 27 saves from 30 shots - (0.900), W, 10-6-0, 60:00 minutes
Players Stats for Capitals
Player Name G A P +/- PIM S H SB GA TA FO MP PP MP PK MP
------------------------------------------------------------------------------------
Blake Wheeler 0 0 0 -2 0 2 2 0 1 0 2/3 19:10 2:49 0:00
Brent Burns 0 1 1 -1 0 2 2 1 3 2 0/0 26:49 3:01 3:47
Christian Ehrhoff 0 0 0 -1 0 0 2 1 0 0 0/0 26:49 3:01 3:47
Dan Girardi 0 1 1 0 0 0 0 2 0 1 0/0 12:45 0:00 0:00
David Krejci 0 0 0 -1 0 1 2 1 0 1 4/8 13:18 0:00 2:46
Jamie Benn 0 1 1 -2 0 5 1 0 1 1 1/1 17:23 0:00 0:26
Joe Thornton 1 0 1 -2 4 6 2 0 0 0 10/28 21:07 2:49 1:17
Mark Stone 0 0 0 -1 0 0 0 2 0 0 0/0 10:32 0:00 0:00
Matt Carle 0 0 0 0 2 0 0 0 0 0 0/0 20:25 1:58 2:24
Mike Cammalleri 0 0 0 1 0 1 2 0 1 1 0/1 14:38 2:10 0:34
Mikko Koivu 0 1 1 1 0 1 0 0 0 0 2/4 10:52 0:00 1:31
Morgan Rielly 0 0 0 0 0 1 1 3 0 1 0/0 12:45 0:00 0:00
Ondrej Palat 0 0 0 -1 0 3 3 0 0 1 0/0 12:45 0:00 2:13
Ryan Getzlaf 0 1 1 1 2 1 2 0 0 0 3/12 15:15 2:10 0:30
Scott Hartnell 0 0 0 1 0 0 0 3 0 1 0/1 15:21 2:49 3:05
T.J. Oshie 1 0 1 1 0 1 1 0 0 0 0/0 9:21 0:00 0:00
Victor Hedman 0 0 0 0 0 4 0 1 0 0 0/0 20:26 1:58 2:24
Wayne Simmonds 1 0 1 1 0 2 1 1 0 0 0/0 14:04 2:10 0:00
Players Stats for Flames
Player Name G A P +/- PIM S H SB GA TA FO MP PP MP PK MP
------------------------------------------------------------------------------------
Alexander Semin 1 0 1 0 0 2 1 0 1 0 1/1 19:34 3:31 0:27
Brad Marchand 0 0 0 1 2 6 3 1 1 0 0/0 14:37 0:04 1:26
Brendan Mikkelson 0 0 0 -1 0 0 0 2 0 0 0/0 14:20 0:00 1:59
Colby Robak 0 0 0 2 0 1 2 0 1 1 0/0 16:37 1:55 0:00
Colin Wilson 0 1 1 0 2 2 1 1 0 0 2/5 11:18 0:00 0:00
David Backes 0 2 2 0 0 4 2 0 2 0 0/1 19:01 3:31 0:00
David Ullstrom 0 0 0 0 0 2 0 0 1 0 0/1 9:11 0:04 0:00
Derek Meech 1 0 1 2 0 2 1 3 1 0 0/0 21:51 1:55 3:00
Eric Staal 1 2 3 0 0 5 1 3 0 0 22/29 21:04 3:31 2:27
Erik Johnson 1 0 1 0 0 1 4 1 1 1 0/0 23:49 4:16 0:00
Jonathan Ferland 0 0 0 0 0 2 1 2 0 0 0/0 10:00 0:04 0:49
Jordin Tootoo 1 0 1 0 0 2 0 0 0 0 0/0 16:24 2:36 2:17
Mikhail Grabovski 0 0 0 0 0 1 1 0 0 1 4/7 11:19 0:00 2:32
Patrik Berglund 0 1 1 1 2 1 1 0 0 0 7/14 15:47 2:36 0:00
Peter Prucha 0 1 1 1 0 0 1 0 0 1 0/0 12:36 0:00 0:00
Steve Eminger 0 0 0 -1 0 3 1 4 0 1 0/0 17:19 0:00 3:00
Steve Regier 0 1 1 0 0 1 2 0 0 1 0/0 14:07 2:36 0:00
Tom Poti 0 1 1 0 0 0 2 2 1 0 0/0 26:04 4:16 1:59
3 Stars
1 - Eric Staal (Cal)
2 - Derek Meech (Cal)
3 - Erik Johnson (Cal)
Power Play
Capitals - 0 on 3 Attempt(s) - 0.00%
Flames - 1 on 4 Attempt(s) - 25.00%
Penalty Kill
Capitals - 3 on 4 Attempt(s) - 75.00%
- Score 0 goal in Penalty Kill
Flames - 3 on 3 Attempt(s) - 100.00%
- Score 0 goal in Penalty Kill
Team Stat
Capitals - Hits : 21 - Faceoff Wins : 22 - Blocked Shots : 15 - Penalty Minutes : 8
Flames - Hits : 24 - Faceoff Wins : 36 - Blocked Shots : 19 - Penalty Minutes : 6
Official
Referees : Unknown
Linesman : Unknown
Game Notes
No Game Note
Finance
Level 1 -- Attendance: 5661 (94.35%) -- Ticket Income $515,151
Level 2 -- Attendance: 4588 (91.76%) -- Ticket Income $261,516
Level 3 -- Attendance: 1911 (95.55%) -- Ticket Income $70,707
Level 4 -- Attendance: 3605 (90.13%) -- Ticket Income $97,335
Luxury Box -- Attendance: 875 (87.50%) -- Ticket Income $141,750
Game was played at the Metal Center.
Total Attendance: 16640 (92.44%)
Total Ticket Income: $1,086,459
Other Income: $162,969
Total Income: $1,249,428
Capitals
5 vs 5 Forward
Center Left Wing Right Wing Time % Phy DF OF
1 Joe Thornton Jamie Benn Blake Wheeler 40 1 2 2
2 Ryan Getzlaf Mike Cammalleri Wayne Simmonds 30 1 2 2
3 Mikko Koivu Scott Hartnell T.J. Oshie 20 1 2 2
4 David Krejci Ondrej Palat Mark Stone 10 1 2 2
5 vs 5 Defense
Defense Defense Time % Phy DF OF
1 Brent Burns Christian Ehrhoff 40 1 2 2
2 Victor Hedman Matt Carle 30 1 2 2
3 Dan Girardi Morgan Rielly 20 1 2 2
4 Brent Burns Christian Ehrhoff 10 1 2 2
PowerPlay Forward
Center Left Wing Right Wing Time % Phy DF OF
1 Joe Thornton Scott Hartnell Blake Wheeler 60 1 2 2
2 Ryan Getzlaf Mike Cammalleri Wayne Simmonds 40 1 2 2
PowerPlay Defense
Defense Defense Time % Phy DF OF
1 Brent Burns Christian Ehrhoff 60 1 2 2
2 Victor Hedman Matt Carle 40 1 2 2
Penalty Kill 4 Players Forward
Center Wing Time % Phy DF OF
1 Joe Thornton Scott Hartnell 60 1 2 2
2 Mike Cammalleri Ryan Getzlaf 40 1 2 2
Penalty Kill 4 Players Defense
Defense Defense Time % Phy DF OF
1 Brent Burns Christian Ehrhoff 60 1 2 2
2 Victor Hedman Matt Carle 40 1 2 2
Penalty Kill - 3 Players Forward
Forward Time % Phy DF OF
1 Joe Thornton 60 1 2 2
2 Scott Hartnell 40 1 2 2
Penalty Kill - 3 Players Defense
Defense Defense Time % Phy DF OF
1 Brent Burns Christian Ehrhoff 60 1 2 2
2 Victor Hedman Matt Carle 40 1 2 2
4 vs 4 Forward
Center Wing Time % Phy DF OF
1 Joe Thornton Scott Hartnell 60 1 2 2
2 Mike Cammalleri Ryan Getzlaf 40 1 2 2
4 vs 4 Defense
Defense Defense Time % Phy DF OF
1 Brent Burns Christian Ehrhoff 60 1 2 2
2 Victor Hedman Matt Carle 40 1 2 2
Last Minutes Offensive
Center Left Wing Right Wing Defense Defense
Joe Thornton Scott Hartnell Blake Wheeler Brent Burns Christian Ehrhoff
Last Minutes Defensive
Center Left Wing Right Wing Defense Defense
Joe Thornton Scott Hartnell Blake Wheeler Brent Burns Christian Ehrhoff
Goaltenders
Starting : Tuukka Rask
Backup : Ilya Bryzgalov
Extra Forwards
Normal : Mikko Koivu, Jamie Benn, David Krejci - PP : Mikko Koivu, Jamie Benn - PK : David Krejci
Extra Defensemen
Normal : Dan Girardi, Morgan Rielly, Victor Hedman - PP : Dan Girardi - PK : Morgan Rielly, Victor Hedman
Penalty Shots
Joe Thornton, Scott Hartnell, Mike Cammalleri, Ryan Getzlaf, Blake Wheeler
Scratches
Eric Fehr (Healthy), Patrick Marleau (Healthy), Sergei Bobrovsky (Healthy)
Flames
5 vs 5 Forward
Center Left Wing Right Wing Time % Phy DF OF
1 Eric Staal Alexander Semin David Backes 40 1 2 2
2 Patrik Berglund Brad Marchand Peter Prucha 33 1 2 2
3 Colin Wilson Steve Regier Jordin Tootoo 19 1 2 2
4 Mikhail Grabovski David Ullstrom Jonathan Ferland 8 1 2 2
5 vs 5 Defense
Defense Defense Time % Phy DF OF
1 Erik Johnson Tom Poti 38 1 3 1
2 Derek Meech Colby Robak 29 1 3 1
3 Brendan Mikkelson Steve Eminger 23 1 3 1
4 Derek Meech Steve Eminger 10 1 3 1
PowerPlay Forward
Center Left Wing Right Wing Time % Phy DF OF
1 Eric Staal Alexander Semin David Backes 60 1 0 4
2 Patrik Berglund Steve Regier Jordin Tootoo 40 1 0 4
PowerPlay Defense
Defense Defense Time % Phy DF OF
1 Erik Johnson Tom Poti 60 1 1 3
2 Derek Meech Colby Robak 40 1 1 3
Penalty Kill 4 Players Forward
Center Wing Time % Phy DF OF
1 Mikhail Grabovski Jordin Tootoo 50 1 4 0
2 Eric Staal Brad Marchand 50 1 4 0
Penalty Kill 4 Players Defense
Defense Defense Time % Phy DF OF
1 Derek Meech Steve Eminger 58 1 4 0
2 Brendan Mikkelson Tom Poti 42 1 4 0
Penalty Kill - 3 Players Forward
Forward Time % Phy DF OF
1 Eric Staal 50 1 4 0
2 David Backes 50 1 4 0
Penalty Kill - 3 Players Defense
Defense Defense Time % Phy DF OF
1 Derek Meech Steve Eminger 58 1 4 0
2 Brendan Mikkelson Tom Poti 42 1 4 0
4 vs 4 Forward
Center Wing Time % Phy DF OF
1 Eric Staal David Backes 60 1 2 2
2 Patrik Berglund Alexander Semin 40 1 2 2
4 vs 4 Defense
Defense Defense Time % Phy DF OF
1 Erik Johnson Tom Poti 60 1 2 2
2 Derek Meech Steve Eminger 40 1 2 2
Last Minutes Offensive
Center Left Wing Right Wing Defense Defense
Eric Staal Alexander Semin David Backes Erik Johnson Tom Poti
Last Minutes Defensive
Center Left Wing Right Wing Defense Defense
Eric Staal Alexander Semin David Backes Derek Meech Steve Eminger
Goaltenders
Starting : Jonas Gustavsson
Backup : Pekka Rinne
Extra Forwards
Normal : Brad Marchand, Jordin Tootoo, Patrik Berglund - PP : Jordin Tootoo, Brad Marchand - PK : Jonathan Ferland
Extra Defensemen
Normal : Derek Meech, Steve Eminger, Brendan Mikkelson - PP : Derek Meech - PK : Erik Johnson, Brendan Mikkelson
Penalty Shots
Eric Staal, Alexander Semin, David Backes, Steve Regier, Patrik Berglund
Scratches
Sami Vatanen (Head Injury)
% Time on Ice - Capitals
Lines # - Real PCT - Wanted PCT - Time Play
Normal Forward
1 - 35% - 40% - 17:03
2 - 24% - 30% - 11:54
3 - 19% - 20% - 9:21
4 - 22% - 10% - 10:32
Normal Defense
1 - 38% - 40% - 18:37
2 - 33% - 30% - 16:04
3 - 26% - 20% - 12:45
4 - 3% - 10% - 1:24
PP Forward
1 - 57% - 60% - 2:49
2 - 43% - 40% - 2:10
PP Defense
1 - 61% - 60% - 3:01
2 - 39% - 40% - 1:58
PK Forward
1 - 91% - 60% - 5:37
2 - 9% - 40% - 0:34
PK Defense
1 - 61% - 60% - 3:47
2 - 39% - 40% - 2:24
PK3 Forward
1 - 0% - 60%
2 - 0% - 40%
PK3 Defense
1 - 0% - 60%
2 - 0% - 40%
44 Forward
1 - 0% - 60%
2 - 0% - 40%
44 Defense
1 - 0% - 60%
2 - 0% - 40%
Last Minute Offensive - 0:00
Last Minute Defensive - 0:00
Total
Forward - 60:00
Defense - 60:00
|
% Time on Ice - Flames
Lines # - Real PCT - Wanted PCT - Time Play
Normal Forward
1 - 33% - 40% - 15:56
2 - 26% - 33% - 12:54
3 - 23% - 19% - 11:19
4 - 18% - 8% - 8:41
Normal Defense
1 - 40% - 38% - 19:33
2 - 31% - 29% - 14:58
3 - 22% - 23% - 10:53
4 - 7% - 10% - 3:26
PP Forward
1 - 58% - 60% - 3:35
2 - 42% - 40% - 2:36
PP Defense
1 - 69% - 60% - 4:16
2 - 31% - 40% - 1:55
PK Forward
1 - 46% - 50% - 2:17
2 - 54% - 50% - 2:42
PK Defense
1 - 60% - 58% - 3:00
2 - 40% - 42% - 1:59
PK3 Forward
1 - 0% - 50%
2 - 0% - 50%
PK3 Defense
1 - 0% - 58%
2 - 0% - 42%
44 Forward
1 - 0% - 60%
2 - 0% - 40%
44 Defense
1 - 0% - 60%
2 - 0% - 40%
Last Minute Offensive - 0:00
Last Minute Defensive - 0:00
Total
Forward - 60:00
Defense - 60:00
|
Play-by-Play
1st period
0:01 of 1st period - Eric Staal wins face-off versus Joe Thornton in neutral zone.
0:30 of 1st period - Icing by Patrik Berglund.
0:31 of 1st period - Mikko Koivu wins face-off versus Patrik Berglund in Flames zone.
1:16 of 1st period - Brad Marchand is hit by Morgan Rielly.
1:28 of 1st period - Snap shot by Peter Prucha.
1:28 of 1st period - Shot Misses the Net.
1:30 of 1st period - Slapshot by Derek Meech.
1:30 of 1st period - Goal by Derek Meech - Capitals : 0 - Flames : 1.
1:31 of 1st period - Colin Wilson wins face-off versus Ryan Getzlaf in neutral zone.
1:34 of 1st period - Snap shot by Colin Wilson.
1:34 of 1st period - Shot Misses the Net.
1:36 of 1st period - Slapshot by Steve Eminger.
1:36 of 1st period - Shot Blocked by Wayne Simmonds.
1:38 of 1st period - Slapshot by Steve Eminger.
1:38 of 1st period - Stopped by Tuukka Rask without a rebound.
1:39 of 1st period - Ryan Getzlaf wins face-off versus Colin Wilson in Capitals zone.
1:50 of 1st period - Wrist shot by Mike Cammalleri.
1:50 of 1st period - Shot Blocked by Brendan Mikkelson.
1:52 of 1st period - Minor Penalty to Colin Wilson for Hooking.
1:53 of 1st period - Joe Thornton wins face-off versus Mikhail Grabovski in Flames zone.
1:58 of 1st period - Snap shot by Joe Thornton.
1:58 of 1st period - Shot Misses the Net.
3:52 of 1st period - Penalty to Colin Wilson is over, Colin Wilson is back on ice.
3:55 of 1st period - Brent Burns is hit by Erik Johnson and loses puck.
3:59 of 1st period - Icing by Mike Cammalleri.
4:00 of 1st period - Ryan Getzlaf wins face-off versus Patrik Berglund in Capitals zone.
4:23 of 1st period - Snap shot by Colin Wilson.
4:23 of 1st period - Stopped by Tuukka Rask without a rebound.
4:24 of 1st period - David Krejci wins face-off versus Colin Wilson in Capitals zone.
4:33 of 1st period - Wrist shot by Steve Regier.
4:33 of 1st period - Shot Misses the Net.
4:47 of 1st period - Wrist shot by David Krejci.
4:47 of 1st period - Shot Misses the Net.
4:49 of 1st period - Backhand shot by Matt Carle.
4:49 of 1st period - Shot Misses the Net.
4:51 of 1st period - Wrist shot by Matt Carle.
4:51 of 1st period - Deflect By Ondrej Palat.
4:51 of 1st period - Shot Blocked by Eric Staal.
4:51 of 1st period - Puck is out of play.
4:52 of 1st period - Joe Thornton wins face-off versus David Backes in Flames zone.
5:03 of 1st period - Wrist shot by Joe Thornton.
5:03 of 1st period - Stopped by Jonas Gustavsson without a rebound.
5:04 of 1st period - Eric Staal wins face-off versus Joe Thornton in Flames zone.
5:17 of 1st period - Snap shot by David Backes.
5:17 of 1st period - Stopped by Tuukka Rask without a rebound.
5:18 of 1st period - Eric Staal wins face-off versus Joe Thornton in Capitals zone.
5:25 of 1st period - Blake Wheeler is hit by Eric Staal and loses puck.
5:30 of 1st period - Snap shot by Eric Staal.
5:30 of 1st period - Shot Misses the Net.
5:32 of 1st period - Backhand shot by Tom Poti.
5:32 of 1st period - Shot Blocked by Christian Ehrhoff.
5:34 of 1st period - Wrist shot by Eric Staal.
5:34 of 1st period - Goal by Eric Staal - Capitals : 0 - Flames : 2.
5:35 of 1st period - Patrik Berglund wins face-off versus Joe Thornton in neutral zone.
5:40 of 1st period - Snap shot by Brad Marchand.
5:40 of 1st period - Stopped by Tuukka Rask with a rebound.
6:06 of 1st period - Scott Hartnell is hit by Mikhail Grabovski and loses puck.
6:15 of 1st period - Wrist shot by Erik Johnson.
6:15 of 1st period - Deflect By Jonathan Ferland.
6:15 of 1st period - Shot Misses the Net.
6:15 of 1st period - Puck is out of play.
6:16 of 1st period - Eric Staal wins face-off versus Ryan Getzlaf in Capitals zone.
6:23 of 1st period - Snap shot by Eric Staal.
6:23 of 1st period - Stopped by Tuukka Rask with a rebound.
6:43 of 1st period - Peter Prucha is hit by Brent Burns.
7:05 of 1st period - Scott Hartnell is hit by Tom Poti and loses puck.
7:12 of 1st period - Backhand shot by Jonathan Ferland.
7:12 of 1st period - Shot Blocked by Scott Hartnell.
7:14 of 1st period - Snap shot by Jonathan Ferland.
7:14 of 1st period - Stopped by Tuukka Rask with a rebound.
7:32 of 1st period - Morgan Rielly is hit by Colin Wilson and loses puck.
7:57 of 1st period - Slapshot by David Backes.
7:57 of 1st period - Shot Misses the Net.
8:36 of 1st period - Scott Hartnell is hit by Steve Regier and loses puck.
9:15 of 1st period - Snap shot by Brad Marchand.
9:15 of 1st period - Stopped by Tuukka Rask with a rebound.
9:38 of 1st period - Off-side.
9:39 of 1st period - Mikhail Grabovski wins face-off versus Joe Thornton in neutral zone.
9:44 of 1st period - Snap shot by Jonathan Ferland.
9:44 of 1st period - Deflect By Mikhail Grabovski.
9:44 of 1st period - Stopped by Tuukka Rask with a rebound.
10:06 of 1st period - David Ullstrom is hit by Blake Wheeler and loses puck.
10:52 of 1st period - Wrist shot by Jamie Benn.
10:52 of 1st period - Stopped by Jonas Gustavsson with a rebound.
10:54 of 1st period - Slapshot by Victor Hedman.
10:54 of 1st period - Stopped by Jonas Gustavsson without a rebound.
10:55 of 1st period - Eric Staal wins face-off versus Ryan Getzlaf in Flames zone.
11:49 of 1st period - Snap shot by Jordin Tootoo.
11:49 of 1st period - Shot Blocked by Morgan Rielly.
11:59 of 1st period - Tom Poti is hit by Mike Cammalleri and loses puck.
12:04 of 1st period - Wrist shot by Wayne Simmonds.
12:04 of 1st period - Goal by Wayne Simmonds - Capitals : 1 - Flames : 2.
12:05 of 1st period - Eric Staal wins face-off versus Ryan Getzlaf in neutral zone.
12:30 of 1st period - Joe Thornton is hit by Brad Marchand and loses puck.
13:54 of 1st period - Wrist shot by Scott Hartnell.
13:54 of 1st period - Shot Misses the Net.
14:06 of 1st period - Christian Ehrhoff is hit by Derek Meech and loses puck.
14:17 of 1st period - Scott Hartnell is hit by Steve Regier and loses puck.
14:26 of 1st period - Snap shot by Mikko Koivu.
14:26 of 1st period - Shot Blocked by Steve Eminger.
14:30 of 1st period - Slapshot by Scott Hartnell.
14:30 of 1st period - Shot Blocked by Steve Eminger.
14:32 of 1st period - Slapshot by Christian Ehrhoff.
14:32 of 1st period - Shot Misses the Net.
14:34 of 1st period - Wrist shot by Mikko Koivu.
14:34 of 1st period - Shot Blocked by Brendan Mikkelson.
14:36 of 1st period - Backhand shot by Victor Hedman.
14:36 of 1st period - Shot Misses the Net.
14:38 of 1st period - Wrist shot by Victor Hedman.
14:38 of 1st period - Shot Misses the Net.
14:40 of 1st period - Snap shot by Scott Hartnell.
14:40 of 1st period - Shot Misses the Net.
14:50 of 1st period - Wrist shot by Jordin Tootoo.
14:50 of 1st period - Shot Misses the Net.
15:18 of 1st period - Snap shot by Colin Wilson.
15:18 of 1st period - Shot Blocked by Scott Hartnell.
15:39 of 1st period - Wrist shot by Colin Wilson.
15:39 of 1st period - Shot Blocked by Scott Hartnell.
15:41 of 1st period - Slapshot by Steve Eminger.
15:41 of 1st period - Shot Blocked by Dan Girardi.
15:43 of 1st period - Wrist shot by Steve Regier.
15:43 of 1st period - Shot Misses the Net.
15:47 of 1st period - Snap shot by Colin Wilson.
15:47 of 1st period - Stopped by Tuukka Rask with a rebound.
16:05 of 1st period - Wrist shot by T.J. Oshie.
16:05 of 1st period - Goal by T.J. Oshie - Capitals : 2 - Flames : 2.
16:06 of 1st period - Eric Staal wins face-off versus Joe Thornton in neutral zone.
16:17 of 1st period - Slapshot by Joe Thornton.
16:17 of 1st period - Stopped by Jonas Gustavsson with a rebound.
16:37 of 1st period - Slapshot by Brent Burns.
16:37 of 1st period - Shot Blocked by Tom Poti.
16:43 of 1st period - Wrist shot by Patrik Berglund.
16:43 of 1st period - Shot Blocked by Brent Burns.
16:45 of 1st period - Snap shot by Brad Marchand.
16:45 of 1st period - Stopped by Tuukka Rask without a rebound.
16:46 of 1st period - Eric Staal wins face-off versus Ryan Getzlaf in Capitals zone.
16:55 of 1st period - Wrist shot by Ryan Getzlaf.
16:55 of 1st period - Stopped by Jonas Gustavsson with a rebound.
17:13 of 1st period - Peter Prucha is hit by Joe Thornton and loses puck.
18:13 of 1st period - Minor Penalty to Ryan Getzlaf for Hooking.
18:14 of 1st period - Eric Staal wins face-off versus Joe Thornton in Capitals zone.
Goals for this period are 2 for Capitals vs 2 for Flames.
Shots for this period are 7 for Capitals vs 12 for Flames.
2nd period
0:01 of 2nd period - Joe Thornton wins face-off versus Eric Staal in neutral zone.
0:04 of 2nd period - Slapshot by Brent Burns.
0:04 of 2nd period - Shot Blocked by Eric Staal.
0:13 of 2nd period - Penalty to Ryan Getzlaf is over, Ryan Getzlaf is back on ice.
0:26 of 2nd period - Tom Poti is hit by David Krejci and loses puck.
0:52 of 2nd period - Icing by Steve Regier.
0:53 of 2nd period - Blake Wheeler wins face-off versus Colin Wilson in Flames zone.
0:57 of 2nd period - Icing by Steve Regier.
0:58 of 2nd period - Colin Wilson wins face-off versus Joe Thornton in Flames zone.
1:44 of 2nd period - Christian Ehrhoff is hit by Patrik Berglund and loses puck.
2:34 of 2nd period - Off-side.
2:35 of 2nd period - Eric Staal wins face-off versus Ryan Getzlaf in neutral zone.
3:42 of 2nd period - David Ullstrom is hit by Ryan Getzlaf.
3:48 of 2nd period - Backhand shot by Mikhail Grabovski.
3:48 of 2nd period - Shot Misses the Net.
4:05 of 2nd period - Slapshot by David Krejci.
4:05 of 2nd period - Shot Blocked by Erik Johnson.
4:16 of 2nd period - Erik Johnson is hit by Ondrej Palat and loses puck.
4:53 of 2nd period - Snap shot by David Krejci.
4:53 of 2nd period - Stopped by Jonas Gustavsson without a rebound.
4:54 of 2nd period - Joe Thornton wins face-off versus Patrik Berglund in Flames zone.
4:55 of 2nd period - Snap shot by Jamie Benn.
4:55 of 2nd period - Shot Blocked by Derek Meech.
4:57 of 2nd period - Slapshot by Matt Carle.
4:57 of 2nd period - Shot Misses the Net.
4:59 of 2nd period - Wrist shot by Jamie Benn.
4:59 of 2nd period - Stopped by Jonas Gustavsson with a rebound.
5:01 of 2nd period - Slapshot by Victor Hedman.
5:01 of 2nd period - Deflect By Brad Marchand.
5:01 of 2nd period - Stopped by Jonas Gustavsson without a rebound.
5:02 of 2nd period - Patrik Berglund wins face-off versus Joe Thornton in Flames zone.
5:02 of 2nd period - Patrik Berglund is hit by Joe Thornton.
5:05 of 2nd period - Minor Penalty to Brad Marchand for Interference.
5:06 of 2nd period - Mikhail Grabovski wins face-off versus Scott Hartnell in Flames zone.
5:18 of 2nd period - Snap shot by Blake Wheeler.
5:18 of 2nd period - Stopped by Jonas Gustavsson with a rebound.
5:20 of 2nd period - Snap shot by Blake Wheeler.
5:20 of 2nd period - Deflect By Joe Thornton.
5:20 of 2nd period - Shot Blocked by Derek Meech.
5:20 of 2nd period - Puck is out of play.
5:21 of 2nd period - Joe Thornton wins face-off versus Mikhail Grabovski in Flames zone.
5:46 of 2nd period - Derek Meech is hit by Brent Burns and loses puck.
6:07 of 2nd period - Snap shot by Jordin Tootoo.
6:07 of 2nd period - Shot Misses the Net.
7:05 of 2nd period - Penalty to Brad Marchand is over, Brad Marchand is back on ice.
7:18 of 2nd period - Snap shot by Ondrej Palat.
7:18 of 2nd period - Shot Misses the Net.
7:20 of 2nd period - Wrist shot by David Krejci.
7:20 of 2nd period - Deflect By Ondrej Palat.
7:20 of 2nd period - Shot Misses the Net.
7:20 of 2nd period - Puck is out of play.
7:21 of 2nd period - David Krejci wins face-off versus Patrik Berglund in Flames zone.
7:22 of 2nd period - Slapshot by Ondrej Palat.
7:22 of 2nd period - Shot Misses the Net.
7:24 of 2nd period - Wrist shot by Ondrej Palat.
7:24 of 2nd period - Stopped by Jonas Gustavsson with a rebound.
7:57 of 2nd period - Wrist shot by Eric Staal.
7:57 of 2nd period - Stopped by Tuukka Rask with a rebound.
8:34 of 2nd period - Snap shot by Jonathan Ferland.
8:34 of 2nd period - Shot Misses the Net.
9:22 of 2nd period - Eric Staal is hit by T.J. Oshie and loses puck.
9:29 of 2nd period - Slapshot by Derek Meech.
9:29 of 2nd period - Shot Blocked by Dan Girardi.
9:31 of 2nd period - Snap shot by Alexander Semin.
9:31 of 2nd period - Shot Blocked by Morgan Rielly.
9:44 of 2nd period - Blake Wheeler is hit by Brad Marchand and loses puck.
9:52 of 2nd period - Icing by Peter Prucha.
9:53 of 2nd period - Joe Thornton wins face-off versus Patrik Berglund in Flames zone.
10:04 of 2nd period - Slapshot by Jamie Benn.
10:04 of 2nd period - Stopped by Jonas Gustavsson with a rebound.
10:16 of 2nd period - Slapshot by Patrik Berglund.
10:16 of 2nd period - Deflect By Peter Prucha.
10:16 of 2nd period - Shot Misses the Net.
10:16 of 2nd period - Puck is out of play.
10:17 of 2nd period - Eric Staal wins face-off versus Ryan Getzlaf in Capitals zone.
10:28 of 2nd period - Mike Cammalleri is hit by Alexander Semin and loses puck.
11:08 of 2nd period - Slapshot by Mikko Koivu.
11:08 of 2nd period - Stopped by Jonas Gustavsson with a rebound.
11:10 of 2nd period - Snap shot by Victor Hedman.
11:10 of 2nd period - Stopped by Jonas Gustavsson without a rebound.
11:11 of 2nd period - Joe Thornton wins face-off versus Eric Staal in Flames zone.
11:12 of 2nd period - Wrist shot by Jamie Benn.
11:12 of 2nd period - Stopped by Jonas Gustavsson with a rebound.
11:14 of 2nd period - Snap shot by Brent Burns.
11:14 of 2nd period - Shot Blocked by Eric Staal.
11:16 of 2nd period - Wrist shot by Blake Wheeler.
11:16 of 2nd period - Deflect By Jamie Benn.
11:16 of 2nd period - Stopped by Jonas Gustavsson with a rebound.
11:18 of 2nd period - Wrist shot by Joe Thornton.
11:18 of 2nd period - Stopped by Jonas Gustavsson without a rebound.
11:19 of 2nd period - Eric Staal wins face-off versus Joe Thornton in Flames zone.
11:19 of 2nd period - Eric Staal is hit by Christian Ehrhoff.
11:39 of 2nd period - Slapshot by Erik Johnson.
11:39 of 2nd period - Goal by Erik Johnson - Capitals : 2 - Flames : 3.
11:40 of 2nd period - Eric Staal wins face-off versus Joe Thornton in neutral zone.
11:43 of 2nd period - Joe Thornton is hit by David Backes and loses puck.
12:06 of 2nd period - Patrik Berglund is hit by Ryan Getzlaf and loses puck.
12:11 of 2nd period - Wrist shot by Ryan Getzlaf.
12:11 of 2nd period - Shot Misses the Net.
12:33 of 2nd period - Backhand shot by T.J. Oshie.
12:33 of 2nd period - Shot Blocked by Jonathan Ferland.
13:09 of 2nd period - Snap shot by Joe Thornton.
13:09 of 2nd period - Shot Blocked by Steve Eminger.
13:29 of 2nd period - Snap shot by Mike Cammalleri.
13:29 of 2nd period - Shot Blocked by Derek Meech.
13:31 of 2nd period - Wrist shot by Mike Cammalleri.
13:31 of 2nd period - Stopped by Jonas Gustavsson with a rebound.
13:33 of 2nd period - Snap shot by Dan Girardi.
13:33 of 2nd period - Shot Blocked by Brad Marchand.
13:35 of 2nd period - Snap shot by Mike Cammalleri.
13:35 of 2nd period - Shot Misses the Net.
14:14 of 2nd period - Snap shot by Colin Wilson.
14:14 of 2nd period - Shot Misses the Net.
14:58 of 2nd period - Slapshot by Mikhail Grabovski.
14:58 of 2nd period - Shot Misses the Net.
15:04 of 2nd period - Mikhail Grabovski is hit by Mike Cammalleri and loses puck.
15:55 of 2nd period - Wrist shot by Brad Marchand.
15:55 of 2nd period - Stopped by Tuukka Rask without a rebound.
15:56 of 2nd period - Ryan Getzlaf wins face-off versus Patrik Berglund in Capitals zone.
16:09 of 2nd period - Slapshot by Brad Marchand.
16:09 of 2nd period - Shot Misses the Net.
16:11 of 2nd period - Snap shot by Brad Marchand.
16:11 of 2nd period - Stopped by Tuukka Rask with a rebound.
16:21 of 2nd period - Wrist shot by Jordin Tootoo.
16:21 of 2nd period - Shot Misses the Net.
16:29 of 2nd period - Wrist shot by Jordin Tootoo.
16:29 of 2nd period - Stopped by Tuukka Rask without a rebound.
16:30 of 2nd period - Eric Staal wins face-off versus Joe Thornton in Capitals zone.
16:36 of 2nd period - Minor Penalty to Joe Thornton for Hooking.
16:37 of 2nd period - David Krejci wins face-off versus Eric Staal in Capitals zone.
16:51 of 2nd period - Brent Burns is hit by David Backes and loses puck.
17:04 of 2nd period - David Krejci is hit by Erik Johnson and loses puck.
18:36 of 2nd period - Penalty to Joe Thornton is over, Joe Thornton is back on ice.
18:51 of 2nd period - Slapshot by Victor Hedman.
18:51 of 2nd period - Shot Blocked by Tom Poti.
18:57 of 2nd period - Ryan Getzlaf is hit by Jonathan Ferland and loses puck.
19:19 of 2nd period - Off-side.
19:20 of 2nd period - Mikko Koivu wins face-off versus Eric Staal in neutral zone.
19:31 of 2nd period - Slapshot by Brent Burns.
19:31 of 2nd period - Stopped by Jonas Gustavsson with a rebound.
Goals for this period are 0 for Capitals vs 1 for Flames.
Shots for this period are 13 for Capitals vs 5 for Flames.
3rd period
0:01 of 3rd period - Eric Staal wins face-off versus Joe Thornton in neutral zone.
0:08 of 3rd period - Backhand shot by David Backes.
0:08 of 3rd period - Shot Misses the Net.
0:39 of 3rd period - T.J. Oshie is hit by Steve Eminger and loses puck.
1:32 of 3rd period - Slapshot by Eric Staal.
1:32 of 3rd period - Deflect By David Backes.
1:32 of 3rd period - Stopped by Tuukka Rask without a rebound.
1:33 of 3rd period - Eric Staal wins face-off versus David Krejci in Capitals zone.
1:34 of 3rd period - Snap shot by Alexander Semin.
1:34 of 3rd period - Stopped by Tuukka Rask without a rebound.
1:35 of 3rd period - Eric Staal wins face-off versus David Krejci in Capitals zone.
2:21 of 3rd period - Slapshot by David Backes.
2:21 of 3rd period - Shot Blocked by Morgan Rielly.
2:29 of 3rd period - Wrist shot by David Backes.
2:29 of 3rd period - Stopped by Tuukka Rask without a rebound.
2:30 of 3rd period - Patrik Berglund wins face-off versus Joe Thornton in Capitals zone.
3:02 of 3rd period - Slapshot by Victor Hedman.
3:02 of 3rd period - Stopped by Jonas Gustavsson without a rebound.
3:03 of 3rd period - Mikhail Grabovski wins face-off versus Ryan Getzlaf in Flames zone.
3:31 of 3rd period - Snap shot by David Ullstrom.
3:31 of 3rd period - Stopped by Tuukka Rask without a rebound.
3:32 of 3rd period - Patrik Berglund wins face-off versus Joe Thornton in Capitals zone.
4:19 of 3rd period - Joe Thornton is hit by Erik Johnson and loses puck.
5:29 of 3rd period - Steve Regier is hit by Ondrej Palat and loses puck.
6:15 of 3rd period - Eric Staal is hit by Wayne Simmonds and loses puck.
6:29 of 3rd period - David Krejci is hit by Brad Marchand and loses puck.
6:52 of 3rd period - Mark Stone is hit by Colby Robak and loses puck.
7:04 of 3rd period - Dan Girardi is hit by Colby Robak and loses puck.
7:11 of 3rd period - Colin Wilson is hit by Ondrej Palat and loses puck.
7:16 of 3rd period - Slapshot by Ondrej Palat.
7:16 of 3rd period - Shot Blocked by Colin Wilson.
7:31 of 3rd period - Colin Wilson is hit by Christian Ehrhoff and loses puck.
8:02 of 3rd period - Wrist shot by Steve Regier.
8:02 of 3rd period - Stopped by Tuukka Rask with a rebound.
8:04 of 3rd period - Slapshot by Colin Wilson.
8:04 of 3rd period - Shot Blocked by Mark Stone.
8:12 of 3rd period - Snap shot by Steve Regier.
8:12 of 3rd period - Shot Blocked by Mark Stone.
8:14 of 3rd period - Slapshot by Steve Eminger.
8:14 of 3rd period - Stopped by Tuukka Rask without a rebound.
8:15 of 3rd period - Eric Staal wins face-off versus Joe Thornton in Capitals zone.
8:41 of 3rd period - Wayne Simmonds is hit by Peter Prucha and loses puck.
8:50 of 3rd period - Slapshot by Brad Marchand.
8:50 of 3rd period - Stopped by Tuukka Rask with a rebound.
8:52 of 3rd period - Snap shot by Patrik Berglund.
8:52 of 3rd period - Stopped by Tuukka Rask without a rebound.
8:53 of 3rd period - Joe Thornton wins face-off versus Patrik Berglund in Capitals zone.
8:55 of 3rd period - Minor Penalty to Matt Carle for High sticking.
8:56 of 3rd period - Joe Thornton wins face-off versus Eric Staal in Capitals zone.
9:05 of 3rd period - Off-side.
9:06 of 3rd period - Eric Staal wins face-off versus Joe Thornton in neutral zone.
9:09 of 3rd period - Snap shot by Alexander Semin.
9:09 of 3rd period - Goal by Alexander Semin - Capitals : 2 - Flames : 4.
9:10 of 3rd period - Jamie Benn wins face-off versus Eric Staal in neutral zone.
9:13 of 3rd period - Slapshot by Brent Burns.
9:13 of 3rd period - Shot Misses the Net.
9:15 of 3rd period - Snap shot by Jamie Benn.
9:15 of 3rd period - Deflect By Joe Thornton.
9:15 of 3rd period - Stopped by Jonas Gustavsson with a rebound.
9:17 of 3rd period - Wrist shot by Joe Thornton.
9:17 of 3rd period - Goal by Joe Thornton - Capitals : 3 - Flames : 4.
9:18 of 3rd period - Alexander Semin wins face-off versus Blake Wheeler in neutral zone.
9:33 of 3rd period - Slapshot by David Backes.
9:33 of 3rd period - Stopped by Tuukka Rask with a rebound.
9:35 of 3rd period - Snap shot by Eric Staal.
9:35 of 3rd period - Stopped by Tuukka Rask with a rebound.
9:41 of 3rd period - Minor Penalty to Joe Thornton for Tripping.
9:42 of 3rd period - David Krejci wins face-off versus Eric Staal in Capitals zone.
11:41 of 3rd period - Penalty to Joe Thornton is over, Joe Thornton is back on ice.
11:48 of 3rd period - Joe Thornton is hit by Erik Johnson and loses puck.
12:03 of 3rd period - Snap shot by Ryan Getzlaf.
12:03 of 3rd period - Shot Blocked by Jonathan Ferland.
12:05 of 3rd period - Slapshot by Morgan Rielly.
12:05 of 3rd period - Stopped by Jonas Gustavsson with a rebound.
12:07 of 3rd period - Snap shot by Wayne Simmonds.
12:07 of 3rd period - Deflect By Mike Cammalleri.
12:07 of 3rd period - Shot Blocked by Steve Eminger.
12:07 of 3rd period - Puck is out of play.
12:08 of 3rd period - Joe Thornton wins face-off versus David Ullstrom in Flames zone.
12:11 of 3rd period - Snap shot by Joe Thornton.
12:11 of 3rd period - Stopped by Jonas Gustavsson with a rebound.
12:13 of 3rd period - Snap shot by Blake Wheeler.
12:13 of 3rd period - Shot Misses the Net.
12:15 of 3rd period - Slapshot by Joe Thornton.
12:15 of 3rd period - Shot Misses the Net.
12:17 of 3rd period - Wrist shot by Jamie Benn.
12:17 of 3rd period - Deflect By Joe Thornton.
12:17 of 3rd period - Shot Misses the Net.
12:17 of 3rd period - Puck is out of play.
12:18 of 3rd period - Blake Wheeler wins face-off versus Mikhail Grabovski in Flames zone.
12:21 of 3rd period - Wrist shot by Joe Thornton.
12:21 of 3rd period - Shot Misses the Net.
12:23 of 3rd period - Snap shot by Blake Wheeler.
12:23 of 3rd period - Stopped by Jonas Gustavsson with a rebound.
12:25 of 3rd period - Slapshot by Brent Burns.
12:25 of 3rd period - Deflect By David Ullstrom.
12:25 of 3rd period - Stopped by Jonas Gustavsson with a rebound.
12:33 of 3rd period - Slapshot by Derek Meech.
12:33 of 3rd period - Stopped by Tuukka Rask with a rebound.
12:39 of 3rd period - Snap shot by Jonathan Ferland.
12:39 of 3rd period - Stopped by Tuukka Rask with a rebound.
12:45 of 3rd period - Jonathan Ferland is hit by Blake Wheeler and loses puck.
13:12 of 3rd period - Colby Robak is hit by Jamie Benn and loses puck.
14:15 of 3rd period - Snap shot by David Ullstrom.
14:15 of 3rd period - Stopped by Tuukka Rask with a rebound.
14:17 of 3rd period - Slapshot by Colby Robak.
14:17 of 3rd period - Deflect By Brent Burns.
14:17 of 3rd period - Stopped by Tuukka Rask without a rebound.
14:18 of 3rd period - Eric Staal wins face-off versus Ryan Getzlaf in Capitals zone.
14:31 of 3rd period - Slapshot by Wayne Simmonds.
14:31 of 3rd period - Stopped by Jonas Gustavsson with a rebound.
14:44 of 3rd period - Icing by Victor Hedman.
14:45 of 3rd period - Patrik Berglund wins face-off versus David Krejci in Capitals zone.
14:46 of 3rd period - Wrist shot by Brad Marchand.
14:46 of 3rd period - Shot Blocked by David Krejci.
14:48 of 3rd period - Slapshot by Steve Eminger.
14:48 of 3rd period - Stopped by Tuukka Rask without a rebound.
14:49 of 3rd period - Patrik Berglund wins face-off versus David Krejci in Capitals zone.
15:00 of 3rd period - Snap shot by Ondrej Palat.
15:00 of 3rd period - Stopped by Jonas Gustavsson with a rebound.
15:04 of 3rd period - Slapshot by Ondrej Palat.
15:04 of 3rd period - Stopped by Jonas Gustavsson without a rebound.
15:05 of 3rd period - Eric Staal wins face-off versus Mikko Koivu in Flames zone.
15:14 of 3rd period - Slapshot by Eric Staal.
15:14 of 3rd period - Stopped by Tuukka Rask with a rebound.
15:30 of 3rd period - Ryan Getzlaf is hit by Tom Poti and loses puck.
15:56 of 3rd period - Steve Regier is hit by David Krejci and loses puck.
17:21 of 3rd period - Snap shot by Jordin Tootoo.
17:21 of 3rd period - Goal by Jordin Tootoo - Capitals : 3 - Flames : 5.
17:22 of 3rd period - Eric Staal wins face-off versus Mikko Koivu in neutral zone.
18:40 of 3rd period - Wrist shot by David Backes.
18:40 of 3rd period - Shot Blocked by Victor Hedman.
18:55 of 3rd period - Icing by Wayne Simmonds.
18:56 of 3rd period - Patrik Berglund wins face-off versus Mike Cammalleri in Capitals zone.
18:58 of 3rd period - Minor Penalty to Patrik Berglund for Hooking.
18:59 of 3rd period - Mikhail Grabovski wins face-off versus Joe Thornton in Flames zone.
Goals for this period are 1 for Capitals vs 2 for Flames.
Shots for this period are 10 for Capitals vs 18 for Flames.
Back to the Top